Map: Dusk Towers

Players

iGXiGua (XiGua) - Winner!

  • Race: Zerg Zerg

EnvyusViolet (viOLet)

  • Race: Zerg Zerg
  • League: Grandmaster

Event: 2016 WCS Winter Circuit Championship

VOD

Have the link to the VOD?

Description

Time

  • Played on: March 2, 2016, 12:15 p.m.
  • Length: 25:02

All games in this series

Show
View Real Time Build Order
Export as new Build Order

iGXiGua Zerg - Winner!

Build Orders: 3 Hatch before Pool, Muta Ling Bane 

Get SALT Encoding   

  12  0:01  Drone  
  13  0:12  Overlord  
  13  0:18  Drone  
  14  0:30  Drone x2  
  14  0:34  Drone  
  17  0:53  Hatchery  
  17  0:54  Drone  
  17  0:57  Drone  
  18  1:17  Hatchery  
  17  1:20  Drone  
  17  1:23  Drone  
  19  1:32  Extractor  
  18  1:39  Spawning Pool  
  17  1:41  Drone  
  17  1:45  Drone  
  19  1:50  Drone  
  20  2:00  Drone  
  21  2:05  Drone  
  22  2:10  Overlord  
  22  2:25  Queen x2  
  22  2:26  Zergling x2  
  22  2:27  Zergling x2  
  28  2:33  Metabolic Boost  
  28  2:35  Drone  
  29  2:38  Drone  
  29  2:40  Drone  
  29  2:43  Drone  
  32  2:52  Drone  
  32  2:53  Drone  
  32  2:54  Drone  
  35  3:00  Overlord  
  35  3:02  Drone x2  
  36  3:06  Drone  
  36  3:14  Drone x2, Spine Crawler  
  36  3:17  Drone  
  38  3:24  Overlord  
  38  3:25  Drone x2  
  40  3:28  Drone  
  41  3:36  Drone  
  41  3:39  Queen  
  41  3:41  Drone x2  
  46  3:43  Drone x3  
  46  3:46  Drone  
  46  3:47  Drone  
  51  3:52  Drone  
  51  3:54  Lair  
  52  3:56  Drone  
  52  3:57  Drone  
  52  4:02  Roach Warren  
  53  4:05  Extractor, Overlord  
  53  4:07  Drone  
  52  4:11  Zergling x8  
  52  4:14  Zergling x2  
  57  4:24  Overlord  
  57  4:25  Spine Crawler x2, Zergling x4  
  57  4:26  Zergling x2  
  57  4:31  Drone  
  61  4:32  Drone x2, Extractor x2  
  61  4:36  Overlord  
  61  4:43  Drone, Extractor  
  61  4:44  Drone x2  
  64  4:45  Drone  
  64  4:48  Drone  
  64  4:49  Drone  
  64  4:50  Drone x2  
  68  4:55  Spire  
  68  4:56  Drone x2  
  68  4:57  Drone x3  
  68  4:59  Overseer  
  72  5:00  Drone  
  72  5:02  Extractor, Drone  
  72  5:06  Drone  
  74  5:11  Drone x2  
  74  5:13  Drone  
  77  5:14  Drone x2  
  77  5:15  Overlord  
  77  5:16  Overlord  
  77  5:19  Drone, Overlord  
  80  5:24  Drone  
  80  5:25  Overlord  
  81  5:31  Spine Crawler  
  81  5:32  Spine Crawler  
  79  5:35  Spine Crawler  
  79  5:41  Drone x2  
  80  5:56  Spine Crawler  
  79  5:58  Spine Crawler  
  78  6:06  Mutalisk x10  
  78  6:08  Zergling x2  
  78  6:09  Zergling x6  
  93  6:12  Zergling x6  
  96  6:18  Overlord  
  96  6:21  Mutalisk  
  96  6:23  Zergling x2, Overlord  
  96  6:24  Zergling x2  
  100  6:26  Mutalisk  
  100  6:29  Zergling x4  
  100  6:32  Mutalisk  
  102  6:44  Drone x6  
  102  6:45  Spire  
  106  6:47  Drone x2  
  106  6:56  Overlord  
  106  6:58  Hatchery  
  106  7:00  Evolution Chamber  
  104  7:02  Baneling Nest  
  104  7:03  Overlord  
  104  7:07  Queen  
  105  7:10  Overseer  
  105  7:22  Zergling x24  
  115  7:36  Zerg Melee Weapons Level 1  
  113  7:40  Drone  
  113  7:46  Centrifical Hooks  
  113  7:47  Overlord x2  
  113  7:51  Baneling x5  
  113  7:52  Overseer  
  113  7:56  Mutalisk  
  113  7:57  Mutalisk x6  
  127  7:59  Zergling x6  
  127  8:04  Mutalisk  
  132  8:06  Zergling x6  
  132  8:07  Overlord  
  132  8:11  Overlord  
  135  8:14  Mutalisk x2, Overlord  
  135  8:16  Zergling x6  
  142  8:25  Pneumatized Carapace  
  142  8:26  Zergling x2  
  142  8:27  Zergling x10  
  148  8:33  Mutalisk x2  
  152  8:39  Overlord  
  152  8:42  Overlord  
  152  8:43  Zergling x8  
  152  8:44  Zergling x4  
  152  8:48  Mutalisk x2  
  154  9:02  Mutalisk  
  154  9:03  Mutalisk  
  154  9:07  Drone  
  154  9:08  Drone x6  
  164  9:15  Drone, Mutalisk  
  161  9:20  Infestation Pit  
  161  9:22  Drone  
  156  9:25  Drone  
  156  9:28  Drone x8  
  165  9:37  Evolution Chamber  
  165  9:38  Zerg Ground Armor Level 1  
  164  9:52  Zergling x2  
  165  9:53  Zergling x30  
  165  9:54  Spine Crawler  
  165  9:58  Overlord  
  179  10:02  Overlord  
  179  10:03  Hive  
  179  10:04  Drone x2  
  179  10:06  Zerg Melee Weapons Level 2  
  181  10:07  Overlord  
  181  10:13  Overlord  
  181  10:15  Drone x3  
  180  10:21  Queen  
  180  10:26  Zergling x22  
  193  10:31  Drone  
  193  10:35  Baneling x2  
  192  10:36  Baneling x17  
  192  10:40  Baneling  
  192  10:41  Baneling x9  
  191  10:44  Zergling x2  
  191  10:45  Zergling x6  
  191  10:51  Baneling x11  
  191  10:54  Zergling x2  
  191  10:55  Zergling x8  
  196  11:01  Zergling x2  
  196  11:02  Zergling x12  
  154  11:07  Zergling x8  
  150  11:13  Zergling x2  
  143  11:22  Hatchery  
  143  11:23  Zergling x2  
  143  11:24  Zergling x4  
  144  11:32  Zerg Missile Weapons Level 1  
  144  11:35  Adrenal Glands  
  144  11:38  Ultralisk Cavern  
  138  11:43  Overseer  
  126  12:04  Hatchery  
  121  12:29  Chitinous Plating  
  116  12:30  Ultralisk x5  
  145  12:48  Ultralisk  
  145  12:49  Baneling  
  145  12:50  Baneling x8  
  151  12:53  Zergling x6  
  154  13:01  Zergling x8  
  158  13:07  Zerg Ground Armor Level 2  
  158  13:12  Drone x3  
  161  13:14  Extractor  
  161  13:16  Extractor  
  159  13:21  Ultralisk  
  165  13:28  Ultralisk  
  165  13:30  Zergling x2  
  165  13:31  Zergling x4  
  174  13:42  Ultralisk  
  174  13:44  Zergling x6  
  174  13:47  Baneling  
  174  13:48  Baneling x3  
  189  14:02  Ultralisk  
  189  14:05  Zergling x2  
  189  14:06  Zergling x14  
  197  14:21  Zergling x6  
  197  14:23  Zerg Melee Weapons Level 3  
  199  14:31  Ultralisk x2  
  196  14:33  Zergling x2  
  181  14:39  Zergling x12  
  181  14:40  Zergling x10  
Show
View Real Time Build Order
Export as new Build Order

EnvyusViolet Zerg 

Build Orders: Hatch First 

Get SALT Encoding   

  12  0:00  Drone  
  13  0:12  Overlord  
  13  0:17  Drone  
  14  0:30  Drone x2  
  14  0:34  Drone  
  17  0:51  Hatchery  
  17  0:54  Drone  
  17  0:57  Drone  
  18  1:09  Extractor  
  17  1:12  Spawning Pool  
  17  1:15  Drone  
  17  1:18  Drone  
  18  1:28  Drone  
  19  1:38  Overlord  
  19  1:58  Queen  
  19  1:59  Zergling x2  
  19  2:01  Drone  
  23  2:02  Queen  
  23  2:03  Zergling x2  
  26  2:11  Drone  
  26  2:14  Drone  
  28  2:23  Drone  
  28  2:27  Roach Warren  
  28  2:29  Drone  
  29  2:37  Drone  
  30  2:38  Drone  
  31  2:46  Hatchery  
  30  2:53  Overlord  
  30  3:00  Drone, Overlord  
  30  3:01  Drone  
  30  3:04  Drone  
  33  3:08  Roach  
  34  3:13  Roach  
  34  3:14  Roach  
  34  3:17  Roach  
  34  3:19  Drone  
  41  3:21  Drone  
  41  3:24  Drone  
  43  3:28  Drone x2  
  43  3:31  Drone  
  45  3:38  Queen  
  45  3:40  Drone  
  45  3:41  Drone  
  49  3:45  Overlord  
  49  3:46  Drone  
  50  3:50  Drone x2  
  50  3:55  Evolution Chamber  
  51  3:57  Drone  
  51  4:01  Drone  
  51  4:02  Drone, Overlord  
  54  4:05  Drone x2  
  56  4:12  Drone x4  
  56  4:14  Overlord  
  60  4:20  Zerg Missile Weapons Level 1  
  60  4:21  Drone  
  60  4:22  Drone  
  62  4:26  Overlord  
  62  4:29  Lair  
  62  4:30  Drone  
  62  4:31  Drone  
  64  4:34  Extractor x2  
  64  4:35  Overlord  
  64  4:37  Drone  
  63  4:43  Roach x2  
  67  4:48  Roach x3  
  67  4:49  Drone x3  
  76  4:54  Drone x3  
  76  4:59  Drone, Overlord  
  80  5:03  Drone  
  80  5:04  Drone  
  82  5:07  Overlord  
  82  5:18  Roach x4  
  82  5:19  Roach x5  
  100  5:24  Overlord  
  100  5:28  Glial Reconstitution  
  100  5:30  Overseer  
  100  5:31  Drone  
  100  5:32  Drone x2  
  100  5:33  Drone x2  
  105  5:40  Drone x2  
  107  5:44  Drone x2  
  109  5:51  Drone  
  109  5:52  Extractor  
  109  5:53  Extractor  
  109  5:55  Drone  
  109  5:58  Roach x2  
  111  6:05  Drone  
  111  6:06  Drone  
  111  6:07  Drone  
  111  6:08  Drone  
  111  6:09  Drone x3  
  109  6:12  Drone x2  
  109  6:16  Drone  
  112  6:20  Overlord  
  112  6:22  Queen x2  
  112  6:23  Infestation Pit  
  112  6:24  Extractor, Drone  
  115  6:27  Overlord  
  115  6:28  Drone  
  114  6:37  Drone x3  
  114  6:39  Spore Crawler, Roach x3  
  110  6:41  Spore Crawler  
  110  6:42  Spore Crawler, Queen  
  110  6:45  Spore Crawler  
  93  6:48  Drone, Zerg Missile Weapons Level 2  
  93  6:50  Spore Crawler  
  93  6:52  Tunneling Claws  
  89  6:54  Roach  
  89  6:55  Roach  
  89  6:58  Queen, Roach x2  
  89  6:59  Burrow  
  97  7:05  Roach x3  
  103  7:09  Overlord  
  103  7:10  Roach x3  
  103  7:15  Infestor  
  109  7:18  Infestor  
  109  7:20  Overlord  
  113  7:31  Roach x3  
  117  7:39  Infestor  
  117  7:46  Overlord  
  117  7:49  Hydralisk Den  
  114  7:53  Queen x2  
  117  8:03  Overlord x5  
  117  8:10  Drone x2  
  119  8:13  Infestor x2, Overlord  
  119  8:15  Hatchery  
  122  8:23  Muscular Augments  
  122  8:29  Roach x11  
  122  8:31  Hydralisk x3  
  122  8:32  Hydralisk x5  
  138  8:34  Hydralisk  
  138  8:44  Roach  
  138  8:46  Roach x2  
  144  8:54  Hydralisk x2  
  144  8:55  Hydralisk x2  
  150  8:56  Hydralisk  
  154  9:07  Drone x4  
  154  9:08  Drone x4  
  154  9:09  Hatchery  
  157  9:21  Hydralisk x2  
  145  9:24  Hydralisk x2  
  145  9:26  Hydralisk  
  145  9:31  Queen  
  143  9:34  Hydralisk x2  
  147  9:47  Roach  
  147  9:48  Roach x6  
  161  9:53  Drone  
  161  9:57  Overseer  
  162  10:01  Roach x6  
  162  10:04  Extractor  
  173  10:08  Extractor  
  172  10:15  Spore Crawler  
  172  10:20  Overlord x3  
  171  10:27  Drone  
  171  10:28  Drone x8  
  174  10:29  Roach x5  
  178  10:41  Drone x6  
  169  10:44  Hydralisk x7  
  135  11:04  Roach x4  
  135  11:06  Drone  
  135  11:07  Drone x3  
  141  11:15  Roach  
  109  11:22  Infestor  
  109  11:23  Infestor x6  
  105  11:29  Roach x3  
  109  11:37  Drone x5  
  112  11:43  Spore Crawler  
  112  11:44  Spore Crawler  
  110  11:53  Drone  
  111  11:54  Hydralisk Den  
  111  11:55  Queen, Drone x5  
  102  12:13  Roach  
  102  12:14  Queen  
  101  12:16  Roach x6  
  101  12:20  Drone x12  
  111  12:27  Hydralisk  
  111  12:28  Hydralisk  
  115  12:33  Hydralisk  
  115  12:34  Hydralisk x2  
  115  12:37  Roach  
  115  12:41  Roach  
  111  12:46  Hydralisk  
  111  12:47  Hydralisk  
  111  12:49  Hydralisk  
  117  12:52  Queen  
  117  12:53  Queen  
  117  12:54  Queen  
  117  12:55  Hydralisk x3  
  129  13:01  Roach x3  
  133  13:12  Roach x4  
  138  13:32  Hatchery  
  137  13:45  Hydralisk x11  
  155  14:00  Roach x6  
  155  14:01  Roach  
  161  14:06  Roach x2  
  163  14:11  Roach x3  
  169  14:18  Roach x3  
  149  14:34  Roach  
  149  14:36  Roach x7  
  149  14:37  Roach  
  139  14:39  Roach  
Tags
 
Add a new tag
Caveats
  • Supply blocks, unpowered buildings, or Contaminate may cause inaccurate times.
  • Supply counts are checked every 10 seconds.